 Dungeon Crawl Stone Soup version 0.20.0-15-g7f486f2 (console) character file.

364 removed the Ducker (level 6, -4/34 HPs)
             Began as a Spriggan Necromancer on June 9, 2017.
             Was an Initiate of the Shining One.
             Slain by a gnoll
             ... wielding a +0 spear
              (8 damage)
             ... on level 4 of the Dungeon.
             The game lasted 00:05:24 (3897 turns).

removed the Ducker (Spriggan Necromancer)           Turns: 3897, Time: 00:05:25

Health: -4/34      AC:  3    Str:  4    XL:     6   Next: 39%
Magic:  11/11      EV: 22    Int: 16    God:    the Shining One [......]
Gold:   111        SH:  7    Dex: 25    Spells: 9/10 levels left

rFire    . . .     SeeInvis +   a - +0 war axe
rCold    . . .     Gourm    .   F - +0 buckler "Ton Cisi" {+Fly rPois Str-2 Dex+8}
rNeg     . . .     Faith    .   l - +0 robe
rPois    +         Spirit   .   (helmet restricted)
rElec    .         Reflect  .   m - +0 cloak
rCorr    .         Harm     .   (gloves unavailable)
MR       ++...                  (boots unavailable)
Stlth    +.........             s - amulet of rage
Regen    0.2/turn               w - ring of poison resistance
MPRegen  0.2/turn               E - ring of protection from magic

@: glowing, very quick
A: unfitting armour, see invisible, herbivore 3, speed 3, slow metabolism 2
a: Renounce Religion, Evoke Berserk Rage, Evoke Flight


You were on level 4 of the Dungeon.
You worshipped the Shining One.
The Shining One was noncommittal.
You were full.

You visited 1 branch of the dungeon, and saw 4 of its levels.

You collected 111 gold pieces.

Inventory:

Hand Weapons
 a - a +0 war axe (weapon)
Armour
 k - a +2 buckler
 l - a +0 robe (worn)
 m - a +0 cloak (worn)
 F - the +0 buckler "Ton Cisi" (worn) {+Fly rPois Str-2 Dex+8}
   (You found it on level 4 of the Dungeon)

   It affects your strength (-2).
   It affects your dexterity (+8).
   It protects you from poison.
   It lets you fly.
Jewellery
 s - an amulet of rage (around neck)
 w - a ring of poison resistance (left hand)
 E - a ring of protection from magic (right hand)
Scrolls
 d - 3 scrolls of noise
 f - a scroll of teleportation {unknown}
 g - 2 scrolls of identify {unknown}
 i - 3 scrolls of remove curse
 j - a scroll of immolation {unknown}
 n - a scroll of magic mapping {unknown}
 o - 2 scrolls of amnesia {unknown}
 q - a scroll of recharging {unknown}
 y - a scroll of enchant weapon {unknown}
 B - a scroll of enchant armour {unknown}
Potions
 e - a potion of resistance {unknown}
 h - a potion of curing {unknown}
 p - a potion of cancellation {unknown}
 r - a potion of brilliance {unknown}
 t - 2 potions of ambrosia {unknown}
 v - a potion of flight {unknown}
 x - 2 potions of magic {unknown}
 z - 2 potions of berserk rage {unknown}
 C - a potion of agility {unknown}
 D - a potion of degeneration {unknown}
 G - a potion of heal wounds {unknown}
Books
 b - a book of Necromancy

   Spells                             Type                      Level
   a - Pain                           Necromancy                   1
   b - Animate Skeleton               Necromancy                   1
   c - Vampiric Draining              Necromancy                   3
   d - Regeneration                   Charms/Necromancy            3
   e - Animate Dead                   Necromancy                   4
   f - Control Undead                 Necromancy                   4
   The Shining One disapproves of the use of such an item.
 A - a book of Cantrips

   Spells                             Type                      Level
   a - Confusing Touch                Hexes                        1
   b - Animate Skeleton               Necromancy                   1
   c - Summon Small Mammal            Summoning                    1
   d - Apportation                    Translocation                1
Comestibles
 c - a bread ration
 u - a fruit


   Skills:
 - Level 4.5 Fighting
 + Level 5.5 Dodging
 - Level 3.0 Stealth
 + Level 0.2 Shields
 - Level 2.6 Spellcasting
 - Level 3.6 Necromancy


You had 9 spell levels left.
You knew the following spells:

 Your Spells              Type           Power        Failure   Level  Hunger
a - Pain                  Necr           ##..         7%          1    #......


Dungeon Overview and Level Annotations

Branches:
Dungeon (4/15)             Temple (0/1) D:4

Altars:
Kikubaaqudgha
Nemelex Xobeh
Uskayaw
Vehumet
The Shining One

Portals:
Abyss: D:1***

Annotations:
D:3 exclusion: downstairs


Innate Abilities, Weirdness & Mutations

You are very small and have problems with some larger weapons.
You are too small for most types of armour.
You have supernaturally acute eyesight. (SInv)
You are a herbivore.
You cover ground extremely quickly.
You need consume almost no food.


Message History

The gnoll seems to speed up.
Unknown command.
You hit the gnoll shaman but do no damage.
The gnoll shaman is moderately wounded.
The gnoll hits you from afar with a spear.
The gnoll shaman barely misses you. The gnoll completely misses you.
The gnoll shaman hits you with a whip.
You are too injured to fight recklessly!
You hit the gnoll shaman.
The gnoll shaman is heavily wounded.
The gnoll completely misses you.
The gnoll hits you from afar with a spear.
* * * LOW HITPOINT WARNING * * *
You block the gnoll shaman's attack.
The gnoll hits you from afar with a spear.
* * * LOW HITPOINT WARNING * * *
You hit the gnoll shaman.
The gnoll shaman is heavily wounded.
The gnoll hits you from afar with a spear!
You die...

#..#.#.#..##.. #...
#............. #...
#.#.#........ #... ....%.....
#... #.#......# #.).
#...z....#####......#...
#..##g#####..#......#...
#..#..g...#..#......#...
#..#..†@..+.[#......#... ..
#..#......#'##......#... ....
+..+................#...
.....#..#................#...
........#................#...
.#####....#####..........#...
#....#...+..<.......†...
#....#...#......(...#...
#..(.#...###'#......#...


You could see a gnoll shaman, a wight and a gnoll.

Vanquished Creatures
  Eustachio (D:4)
  An ogre (D:4)
  A worker ant (D:4)
  A gnoll (D:4)
  5 adders
  An ooze (D:3)
  A worm (D:4)
  A dart slug (D:2)
  7 leopard geckos
  An orc (D:3)
  5 bats
  4 giant cockroaches
  7 goblins
  4 hobgoblins
  3 quokkas (D:3)
  4 frilled lizards (D:1)
  4 kobolds
  7 rats
58 creatures vanquished.

Notes
Turn   | Place    | Note
-------+----------+-------------------------------------------
     0 | D:1      | removed the Spriggan Necromancer began the quest for the Orb.
     0 | D:1      | Reached XP level 1. HP: 9/9 MP: 5/5
   594 | D:1      | Reached skill level 4 in Dodging
   597 | D:1      | Reached XP level 2. HP: 9/13 MP: 3/6
   998 | D:1      | Found a glowing golden altar of the Shining One.
  1424 | D:1      | Reached skill level 5 in Dodging
  1476 | D:1      | Became a worshipper of the Shining One
  1721 | D:2      | Reached XP level 3. HP: 16/16 MP: 8/8
  1759 | D:2      | Found a radiant altar of Vehumet.
  1779 | D:2      | Found a hide-covered altar of Uskayaw.
  1949 | D:2      | Found an ancient bone altar of Kikubaaqudgha.
  2128 | D:2      | Reached skill level 1 in Fighting
  2504 | D:3      | You fall through a shaft!
  2668 | D:3      | Reached XP level 4. HP: 23/23 MP: 9/9
  2742 | D:3      | Found a sparkling altar of Nemelex Xobeh.
  3170 | D:4      | Noticed a bullfrog
  3220 | D:4      | Noticed an ogre
  3237 | D:4      | Killed an ogre
  3237 | D:4      | Reached XP level 5. HP: 28/28 MP: 10/10
  3267 | D:4      | Noticed Eustachio
  3309 | D:4      | Killed Eustachio
  3309 | D:4      | Reached XP level 6. HP: 17/34 MP: 11/11
  3575 | D:4      | Got a warped buckler
  3586 | D:4      | Identified the cursed +0 buckler "Ton Cisi" {+Fly rPois Str-2 Dex+8} (You found it on level 4 of the Dungeon)
  3741 | D:4      | Found a staircase to the Ecumenical Temple.
  3897 | D:4      | Slain by a gnoll

Skill      XL: |  1  2  3  4  5 |
---------------+----------------+-----
Dodging        | 4 5 |  5.5
Fighting       | 1 3 4 |  4.5
Stealth        | |  3.0
Shields        | |  0.2
Spellcasting   | |  2.6
Necromancy     | |  3.6

Action                   |  1- 3 |  4- 6 || total
-------------------------+-------+-------++-------
Melee: War axe           |    68 |    92 ||   160
 Cast: Pain              |    29 |       ||    29
 Abil: Evoke Berserk Rag |       |     1 ||     1
  Use: Scroll            |       |     2 ||     2
  Eat: Bread ration      |       |     1 ||     1
Armor: Robe              |     7 |    11 ||    18
Dodge: Dodged            |    64 |    89 ||   153
Block: Buckler           |    17 |    46 ||    63
